AoeStats
← jusart.92

Arabia

510134082Analyzed
4v4 RM · 3d ago on Sep 29, 2026· 34m 3s· 8 players
Game mode
Random Map
Map size
Large (8 player)
Population
200
Speed
Normal
Resources
Standard
Victory
Conquest
Starting age
Dark Age
Ending age
Imperial Age
RankedLock teamsTeams togetherTeam positionsShared explorationLock speedFull tech treeHidden civsTurbo modeCheats
Victory
Defeat
🇲🇽 Danes · Mexico
1167
+14
🇪🇸 Tatars · Spain
1144
+15
🇲🇽 Armenians · Mexico
1130
+16
🇬🇧 Varangians · United Kingdom
1124
+16
🇺🇸 Vietnamese · United States
1172
-18
🇧🇷 Khmer · Brazil
1126
-15
🇨🇱 Britons · Chile
1104
-14
🇵🇪 Byzantines · Peru
1092
-14
Comrade Toad
11:40 Feudal Age
12:06 Double-Bit Axe
12:02 Horse Collar
18:06 Castle Age
18:22 Scale Barding Armor
18:29 Forging
18:39 Bloodlines
18:59 Husbandry
19:03 Gold Mining
20:21 Bow Saw
20:29 Loom
21:06 Stone Mining
23:16 Wheelbarrow
22:57 Heavy Plow
25:57 Chain Barding Armor
26:13 Iron Casting
27:30 Vendel Legacy
29:40 Hand Cart
29:12 Town Watch
Hastek
11:11 Feudal Age
14:44 Castle Age
12:45 Double-Bit Axe
13:33 Loom
14:23 Wheelbarrow
15:44 Bow Saw
22:25 Squires
22:10 Arson
23:40 Scale Mail Armor
23:52 Forging
24:44 Fervor
24:55 Sanctity
24:38 Town Watch
25:09 Man-at-Arms
25:34 Gambesons
25:50 Long Swordsman
26:13 Horse Collar
26:55 Two-Handed Swordsman
29:00 Chain Mail Armor
30:41 Iron Casting
31:45 Champion
36:42 Imperial Age
Enrique
6:47 Loom
9:45 Feudal Age
11:12 Double-Bit Axe
12:34 Horse Collar
18:13 Fletching
19:28 Padded Archer Armor
25:46 Castle Age
25:25 Wheelbarrow
25:14 Town Watch
26:55 Crossbowman
27:35 Bodkin Arrow
31:22 Bow Saw
32:23 Leather Archer Armor
32:23 Bloodlines
32:14 Husbandry
33:00 Ballistics
36:41 Imperial Age
34:40 Silk Armor
jusart.92
2:17 Loom
9:33 Feudal Age
10:12 Man-at-Arms
10:39 Arson
22:45 Castle Age
21:06 Fletching
21:17 Padded Archer Armor
21:29 Double-Bit Axe
22:14 Padded Archer Armor
22:43 Forging
22:34 Scale Mail Armor
22:44 Horse Collar
23:26 Gambesons
24:38 Squires
24:12 Elite Skirmisher
26:15 Leather Archer Armor
31:09 Wheelbarrow
30:20 Town Watch
32:06 Iron Casting
32:39 Devotion
33:20 Chain Mail Armor
Kryptonknight
6:39 Loom
9:14 Feudal Age
11:21 Double-Bit Axe
12:33 Fletching
17:15 Horse Collar
22:02 Castle Age
20:22 Padded Archer Armor
23:05 Crossbowman
25:25 Bow Saw
25:29 Heavy Plow
25:13 Elite Skirmisher
28:14 Thumb Ring
28:05 Bodkin Arrow
29:51 Ballistics
GdN_Mar de Grises
Dylan-23
7:17 Loom
9:49 Feudal Age
18:25 Fletching
18:35 Padded Archer Armor
21:30 Castle Age
19:22 Fletching
19:33 Padded Archer Armor
20:05 Double-Bit Axe
20:02 Horse Collar
20:54 Padded Archer Armor
21:31 Crossbowman
22:58 Bodkin Arrow
30:10 Forging
30:05 Scale Barding Armor
33:23 Iron Casting
33:08 Chain Barding Armor
33:15 Bow Saw
VkA | Alphalone-
6:33 Loom
8:51 Feudal Age
9:38 Double-Bit Axe
16:24 Bloodlines
23:23 Castle Age
24:36 Husbandry
Connection lost

Rejoining the realm…

Still unreachable

The connection could not be restored.

Session expired

The server has moved on; the page needs a fresh start.